 Dungeon Crawl Stone Soup version 0.29-a0-802-g34511f41fd (webtiles) character file.

Game seed: 2954859966303268335

1829 ptdevnull the Grappler (level 8, -4/79 (83) HPs)
             Began as a Troll Berserker on July 4, 2022.
             Was a Priest of Trog.
             Slain by a cyclops (24 damage)
             ... while paralysed
             ... on level 6 of the Dungeon.
             The game lasted 00:08:35 (4307 turns).

ptdevnull the Grappler (Troll Berserker)            Turns: 4307, Time: 00:08:36

HP:   -4/79 (83)    AC:  9    Str: 25 (28) XL:     8   Next: 86%
MP:   7/7           EV:  1    Int:  0 (3)  God:    Trog [***...]
Gold: 207           SH:  0    Dex:  6 (9)  Spells: 7/7 levels left

rFire   . . .      SeeInvis .     - Unarmed
rCold   . . .      Faith    .   (no shield)
rNeg    . . .      Spirit   .   a - +0 animal skin
rPois   +          Reflect  .   (helmet restricted)
rElec   .          Harm     .   o - +0 cloak
rCorr   .          Rampage  .   (gloves unavailable)
Will    .....                   (boots unavailable)
Stlth   +.........              (no amulet)
HPRegen 1.03/turn               l - ring of poison resistance
MPRegen 0.10/turn               r - +4 ring of protection

@: paralysed, on berserk cooldown, slowed, lost intelligence, lightly drained,
unable to read
A: large, unfitting armour, claws 3, regeneration 1, shaggy fur 1, tough skin 1
a: Renounce Religion, Berserk, Trog's Hand


You were on level 6 of the Dungeon.
You worshipped Trog.
Trog was most pleased with you.
You visited 1 branch of the dungeon, and saw 6 of its levels.

You collected 207 gold pieces.

Inventory:

Hand Weapons
 w - the +10 flail of Dudwilodd {vorpal, *Corrode rElec rN+ Dex+5}
   (You found it on level 6 of the Dungeon)

   It inflicts extra damage upon your enemies.
   Dex:       It affects your dexterity (+5).
   rElec:     It insulates you from electricity.
   rN:        It protects you from negative energy.
   *Corrode:  It may corrode you when you take damage.
Armour
 a - a +0 animal skin (worn)
 o - a +0 cloak (worn)
Jewellery
 l - a ring of poison resistance (left claw)
 r - a +4 ring of protection (right claw)
 t - the ring of Cif Fyutizu {Int+4 SInv}
   (You found it on level 5 of the Dungeon)

   [ring of see invisible]

   Int:       It affects your intelligence (+4).
   SInv:      It lets you see invisible.
 y - a +4 ring of protection
Wands
 i - a wand of mindburst (3)
Scrolls
 e - 6 scrolls of teleportation
 f - 3 scrolls of magic mapping
 g - a scroll of vulnerability {unknown}
 k - a scroll of amnesia {unknown}
 p - a scroll of blinking {unknown}
 q - 2 scrolls of identify
 v - a scroll of brand weapon
Potions
 b - 2 potions of attraction
 c - 2 potions of heal wounds {unknown}
 d - a potion of haste {unknown}
 h - a potion of ambrosia {unknown}
 j - a potion of degeneration
 m - a potion of might {unknown}
 n - 2 potions of lignification {unknown}
 s - a potion of flight {unknown}
 u - a potion of magic {unknown}
 x - a potion of curing {unknown}


   Skills:
 + Level 6.0 Fighting
 - Level 2.4 Dodging
 * Level 9.9 Unarmed Combat


You had 7 spell levels left.
You didn't know any spells.
Your spell library was empty.

Dungeon Overview and Level Annotations

Branches:
Dungeon (6/15)
 Temple: D:4-7

Altars:
Ashenzari
Cheibriados
Hepliaklqana
Trog


Innate Abilities, Weirdness & Mutations

You are too large for most types of armour.
You have claws for hands.
Your natural rate of healing is unusually fast.
You are covered in fur. (AC +1)
You have tough skin. (AC +1)


Message History

The kobold brigand hits you with a +1 short sword of speed!
You claw the kobold brigand!
You kill the kobold brigand!
Trog accepts your kill.
The howler monkey hoots and howls with incredible vigour!
The wight hits you with a +2 long sword of freezing.
The wight freezes you.
You scratch the wight. Your claw misses the wight.
The wight is lightly damaged.
The gnoll barely misses you.
The wight hits you with a +2 long sword of freezing.
You feel drained. The wight freezes you.
You scratch the wight.
The wight is heavily damaged.
The wight barely misses you. The gnoll barely misses you.
The howler monkey hoots and howls with incredible vigour!
You barely miss the wight.
The wight is heavily damaged.
The gnoll hits you from afar with a +0 spear.
The wight hits you with a +2 long sword of freezing!
The wight freezes you.
You scratch the wight.
The wight is severely damaged.
The wight hits you with a +2 long sword of freezing.
You feel drained. The wight freezes you.
The gnoll hits you from afar with a +0 spear.
The gnoll hits you from afar with a +0 spear!
The wight hits you with a +2 long sword of freezing!
The wight freezes you.
* * * LOW HITPOINT WARNING * * *
It was a potion of degeneration.
There was something very wrong with that liquid.
You feel weakened.
You feel dopey.
You have lost your intelligence.
You feel clumsy. The gnoll hits you but does no damage.
The gnoll hits you but does no damage.
The gnoll hits you from afar with a +0 spear.
* * * LOW HITPOINT WARNING * * *
The cyclops hits you!!
You die...

..# ≈P..
...≈≈≈≈≈≈≈≈≈≈.
:..≈≈≈≈≈≈≈P≈P≈
#..≈≈≈≈≈≈≈≈≈≈ ##+##
#..≈.≈≈≈P≈≈≈≈
#...#######....P.≈≈≈≈≈
#..g##.........≈≈PPP≈≈
#.ghC@..........≈.≈≈.≈
#)zz##................
##z###........#######.
#.))).###......# #..
#....z....##.....# #..
#....$.!....#######
#.. #...#####...# #..
#.... ....# #.. #...
...# #..


You could see a cyclops, a howler monkey, 3 wights and 2 gnolls.

Vanquished Creatures
  A water moccasin (D:5)
  An ice beast (D:5)
  2 black bears (D:6)
  An ogre (D:6)
  A kobold brigand (D:6)
  3 phantoms
  A gnoll sergeant (D:6)
  2 scorpions
  A wight (D:6)
  An electric eel (D:6)
  A howler monkey (D:5)
  5 orc priests
  2 hounds
  4 jellies
  Jessica (D:2)
  4 orc wizards
  3 iguanas
  8 gnolls
  4 adders
  A shadow imp (D:6)
  A white imp (D:5)
  3 worms
  A dart slug (D:4)
  18 orcs
  2 ball pythons
  3 bats
  13 endoplasms
  7 giant cockroaches
  4 goblins
  7 hobgoblins
  2 jackals (D:1)
  5 quokkas
  3 frilled lizards
  11 kobolds
  4 rats
131 creatures vanquished.

Vanquished Creatures (others)
  A fungus (D:2)
  A plant (D:6)
2 creatures vanquished.

Grand Total: 133 creatures vanquished

Notes
Turn   | Place    | Note
-------+----------+-------------------------------------------
     0 | D:1      | ptdevnull the Troll Berserker began the quest for the Orb.
     0 | D:1      | Reached XP level 1. HP: 22/22 MP: 0/0
   136 | D:1      | Reached XP level 2. HP: 24/29 MP: 1/1
   919 | D:2      | Reached XP level 3. HP: 34/36 MP: 2/2
   924 | D:2      | Reached skill level 4 in Unarmed Combat
   942 | D:2      | Reached XP level 4. HP: 17/38 MP: 3/3
  1051 | D:2      | Reached ** piety under Trog
  1333 | D:2      | Noticed Jessica
  1344 | D:2      | Killed Jessica
  1574 | D:2      | Found a faded altar of an unknown god.
  1623 | D:3      | Reached skill level 5 in Unarmed Combat
  1630 | D:3      | Reached XP level 5. HP: 40/51 MP: 4/4
  2185 | D:4      | Reached XP level 6. HP: 62/62 MP: 5/5
  2362 | D:4      | Reached skill level 6 in Unarmed Combat
  3026 | D:5      | Entered Level 5 of the Dungeon
  3053 | D:5      | Found a snail-covered altar of Cheibriados.
  3083 | D:5      | Noticed an ice beast
  3096 | D:5      | Killed an ice beast
  3097 | D:5      | Reached skill level 7 in Unarmed Combat
  3097 | D:5      | Reached XP level 7. HP: 67/71 MP: 6/6
  3369 | D:5      | Found a broken altar of Ashenzari.
  3384 | D:5      | Found a bloodstained altar of Trog.
  3494 | D:5      | Reached skill level 8 in Unarmed Combat
  3547 | D:5      | Reached skill level 5 in Fighting
  3787 | D:5      | Reached XP level 8. HP: 61/80 MP: 7/7
  3815 | D:5      | Identified the ring of Cif Fyutizu {Int+4 SInv}
  3989 | D:6      | Reached *** piety under Trog
  4128 | D:6      | Reached skill level 9 in Unarmed Combat
  4159 | D:6      | Identified the +10 flail of Dudwilodd {vorpal, *Corrode
                  | rElec rN+ Dex+5}
  4181 | D:6      | Found a hazy altar of Hepliaklqana.
  4281 | D:6      | Identified the +5 long sword of Contention {holy, Will+
                  | rCorr MP+9 Int-3}
  4289 | D:6      | Noticed a cyclops
  4305 | D:6      | Lost intelligence.
  4307 | D:6      | Slain by a cyclops

Illustrated notes

Levels and vault maps discovered:
D:1:      reono_arrival_mine, layout_basic, hangedman_decor_growths,
          minmay_box_of_dots
D:2:      layout_basic, dreamdust_ecumenical_altar_hidden_monk_grotto,
          small_statue_intersection, serial_bayou_ford_a,
          corexii_item_surrounded_by_moat, uniq_jessica
D:3:      layout_rooms
D:4:      layout_basic
D:5:      layout_loops_corners, kennysheep_mini,
          mainiacjoe_overflow_concentric_impassable,
          mainiacjoe_overflow_six_doors_small
D:6:      layout_basic, lemuel_crystal_altar, chequers_big_river,
          grunt_potential

Skill      XL: |  1  2  3  4  5  6  7  8 |
---------------+-------------------------+-----
Unarmed Combat | 4 5 7 8 9 |  9.9
Fighting       | 3 4 5 6 |  6.0
Dodging        | |  2.4

Action                   |  1- 3 |  4- 6 |  7- 9 || total
-------------------------+-------+-------+-------++-------
Melee: Unarmed           |    77 |   149 |   103 ||   329
       Punch             |       |     7 |     3 ||    10
Invok: Berserk           |     1 |     4 |     2 ||     7
       Trog's Hand       |       |       |     1 ||     1
Evoke: Wand              |       |       |     3 ||     3
  Use: Scroll            |       |     8 |       ||     8
       Potion            |       |       |     1 ||     1
 Stab: Sleeping          |     1 |     2 |       ||     3
Armor: Animal skin       |    23 |    26 |    34 ||    83
Dodge: Dodged            |    26 |    56 |    37 ||   119

Table legend: (Time is in decaauts)
 A = Elapsed time spent in this place.
 B = Non-inter-level travel time spent in this place.
 C = Inter-level travel time spent in this place.
 D = Time resting spent in this place.
 E = Time spent auto-exploring this place.
 F = Levels seen in this place.
 G = Mean time per level.
                   A        B        C        D        E       F      G
               +--------+--------+--------+--------+--------+-----+--------+
         Total |   4346 |   4099 |    247 |    122 |   3146 |   6 |  724.3 |
       Dungeon |   4346 |   4099 |    247 |    122 |   3146 |   6 |  724.3 |
               +--------+--------+--------+--------+--------+-----+--------+

Top non-repeatable levels by time:
     D:5: 958 daAuts
     D:4: 913 daAuts
     D:1: 892 daAuts
     D:2: 721 daAuts
     D:3: 531 daAuts
     D:6: 329 daAuts
